 Dungeon Crawl Stone Soup version 0.32-a0-818-gb728d0252e (webtiles) character file.

Game seed: 8282511981508725367

341 whatisthis the Covert (level 6, -7/35 HPs)
             Began as a Kobold Brigand on Mar 23, 2024.
             Mangled by Blork the orc
             ... wielding a +2 heavy war axe
              (11 damage)
             ... on level 4 of the Dungeon.
             The game lasted 00:04:48 (3728 turns).

whatisthis the Covert (Kobold Brigand)              Turns: 3728, Time: 00:04:49

Health: -7/35      AC:  4    Str:  9      XL:     6   Next: 87%
Magic:  15/15      EV: 13    Int: 11 (12) God:
Gold:   204        SH:  0    Dex: 16 (18) Spells: 5/5 levels left

rFire   . . .        i - +2 dagger (holy)
rCold   + . .        (no shield)
rNeg    . . .        b - +0 robe
rPois   .            a - +0 helmet
rElec   .            c - +0 cloak
rCorr   .            (no gloves)
SInv    .            (no boots)
Will    .....        (no amulet)
Stlth   +++++        l - ring of magical power
HPRegen 0.25/turn    s - ring of protection from cold
MPRegen 0.14/turn

%: no passive effects
@: no status effects
A: small, no large weapons, nightstalker 3
a: no special abilities


You were on level 4 of the Dungeon.
You visited 1 branch of the dungeon, and saw 4 of its levels.

You collected 204 gold pieces.

Inventory:

Hand Weapons
 i - a +2 dagger of holy wrath (weapon)
Missiles
 d - 2 poisoned darts (quivered)
 e - 3 curare-tipped darts
Armour
 a - a +0 helmet (worn)
 b - a +0 robe (worn)
 c - a +0 cloak (worn)
 q - a scarf of harm
Jewellery
 l - a ring of magical power (left hand)
 s - a ring of protection from cold (right hand)
Scrolls
 f - 3 scrolls of identify {unknown}
 g - a scroll of revelation {unknown}
 j - a scroll of blinking {unknown}
 n - a scroll of enchant weapon {unknown}
 r - a scroll of brand weapon {unknown}
 t - a scroll of teleportation {unknown}
 u - a scroll of fear {unknown}
 v - a scroll of immolation {unknown}
 y - a scroll of torment {unknown}
Potions
 h - a potion of heal wounds {unknown}
 k - 2 potions of degeneration
 m - 2 potions of curing
 o - a potion of ambrosia {unknown}
 p - a potion of enlightenment {unknown}
 w - a potion of cancellation {unknown}
 x - a potion of attraction {unknown}
 z - a potion of might {unknown}


   Skills:
 - Level 2.1 Fighting
 + Level 6.5 Short Blades
 - Level 2.1 Throwing
 - Level 1.2 Dodging
 + Level 8.4 Stealth


You had 5 spell levels left.
You didn't know any spells.
Your spell library contained the following spells:

 Spells                   Type           Power      Damage    Failure   Level
 Tukima's Dance           Hex            0%         N/A       71%         3
 Brom's Barrelling Bould  Conj/Erth      0%         2d3       98%         4
 Passage of Golubria      Tloc           0%         N/A       98%         4
 Fireball                 Conj/Fire      0%         3d3       100%        5
 Iskenderun's Battlesphe  Conj           0%         2d6       100%        5
 Yara's Violent Unravell  Hex/Alch       0%         3d3       100%        5
 Conjure Ball Lightning   Conj/Air       0%         3x3d6     100%        6
 Orb of Destruction       Conj           0%         9d5       100%        7


Dungeon Overview and Level Annotations

Branches:
Dungeon (4/15)
 Temple: D:4-7

Altars:
Dithmenos
Kikubaaqudgha
Okawaru
Xom

Annotations:
D:4 Blork the orc


Innate Abilities, Weirdness & Mutations

You are small and have problems with some larger weapons.
You are completely attuned to the shadows.


Message History

The phantom is almost destroyed.
You hit the phantom.
You destroy the phantom!
You feel your intelligence returning.
d - 4 poisoned darts (gained 1)
d - 5 poisoned darts (gained 1)
y - a scroll labelled IQAGHEGOTI
Found a shimmering altar of Xom.
Blork the orc comes into view.
He is wielding a +2 heavy war axe.
You closely miss Blork the orc. Blork the orc barely misses you.
You hit Blork the orc.
Blork the orc is lightly wounded.
You hit Blork the orc.
Blork the orc is lightly wounded.
You closely miss Blork the orc.
Blork the orc is lightly wounded.
Blork the orc hits you with a +2 heavy war axe!
You barely miss Blork the orc.
Blork the orc is lightly wounded.
Throw: 5 darts (poison)
Press: ? - help, Q - select action, (/) - cycle Shift-Dir - straight line, f - Blork the orc
Aim: Blork the orc, wielding a +2 heavy war axe and wearing a +0 robe (lightly wounded, 63% to hit)
You throw a poisoned dart. The poisoned dart hits Blork the orc.
Blork the orc is lightly wounded.
Blork the orc hits you with a +2 heavy war axe!
* * * LOW HITPOINT WARNING * * *
Throw: 4 darts (poison)
Press: ? - help, Q - select action, (/) - cycle Shift-Dir - straight line, f/p - Blork the orc
Aim: Blork the orc, wielding a +2 heavy war axe and wearing a +0 robe (lightly wounded, 63% to hit)
You throw a poisoned dart. The poisoned dart hits Blork the orc.
Blork the orc is poisoned.
Blork the orc is lightly wounded.
Throw: 3 darts (poison)
Press: ? - help, Q - select action, (/) - cycle Shift-Dir - straight line, f/p - Blork the orc
Aim: Blork the orc, wielding a +2 heavy war axe and wearing a +0 robe (lightly wounded, poisoned, 63% to hit)
You throw a poisoned dart.
The poisoned dart closely misses Blork the orc.
Blork the orc hits you with a +2 heavy war axe!
You die...
Blork the orc shouts, "I believe in me!"

.#....##........#
. .......######
.....#...#
.....#...#
.....#...#
.....#...#
.........#
.........#
....@#...#
####o#.#.#
#.#.#.# #.# #..


You could see Blork the orc (poisoned).

Vanquished Creatures
  A phantom (D:4)
  A bombardier beetle (D:4)
  A jelly (D:4)
  A sleepcap (D:4)
  Natasha (D:3)
  4 adders
  5 dart slugs
  9 orcs
  8 ball pythons
  14 endoplasms
  3 giant cockroaches
  5 goblins
  10 hobgoblins
  2 jackals (D:4)
  2 quokkas
  5 bats
  5 frilled lizards
  4 kobolds
  4 rats
85 creatures vanquished.

Notes
Turn   | Place    | Note
-------+----------+-------------------------------------------
     0 | D:1      | whatisthis the Kobold Brigand began the quest for the Orb.
     0 | D:1      | Reached XP level 1. HP: 12/12 MP: 1/1
    90 | D:1      | Reached XP level 2. HP: 17/17 MP: 2/2
   532 | D:1      | Reached XP level 3. HP: 21/21 MP: 3/3
   538 | D:1      | Reached skill level 6 in Stealth
  1106 | D:2      | Reached XP level 4. HP: 23/26 MP: 4/4
  1721 | D:2      | Found a faded altar of an unknown god.
  1889 | D:3      | Found an iron altar of Okawaru.
  2174 | D:3      | Found an ancient bone altar of Kikubaaqudgha.
  2629 | D:3      | Found a shadowy altar of Dithmenos.
  2840 | D:3      | Noticed Natasha
  2861 | D:3      | Killed Natasha
  2862 | D:3      | Reached skill level 5 in Short Blades
  2862 | D:3      | Reached skill level 7 in Stealth
  2862 | D:3      | Reached XP level 5. HP: 9/30 MP: 5/5
  3149 | D:4      | HP: 1/30 [poisoned by an adder]
  3158 | D:4      | HP: 1/30 [adder (3)]
  3171 | D:4      | Reached XP level 6. HP: 11/35 MP: 6/6
  3421 | D:4      | Reached skill level 8 in Stealth
  3705 | D:4      | Found a shimmering altar of Xom.
  3718 | D:4      | Noticed Blork the orc
  3728 | D:4      | Mangled by Blork the orc

Illustrated notes

Levels and vault maps discovered:
D:1:      shiori_arrival_oz, layout_basic, nrook_mini_backslash
D:2:      layout_rooms, shapermc_ecumenical_altar_hornbeckon
D:3:      minmay_general_purpose_star, layout_basic, lemuel_round_altar,
          grunt_dithmenos_smoke, mainiacjoe_overflow_catwalk,
          kennysheep_generic_room_13, uniq_natasha
D:4:      layout_rooms, mainiacjoe_overflow_boulevard, uniq_blork_the_orc

Skill      XL: |  1  2  3  4  5  6 |
---------------+-------------------+-----
Short Blades   | 3 4 5 6 |  6.5
Stealth        | 6 7 8 |  8.4
Fighting       | |  2.1
Throwing       | |  2.1
Dodging        | |  1.2

Action                     |  1- 3 |  4- 6 || total
---------------------------+-------+-------++-------
  Melee: Dagger            |    61 |   150 ||   211
  Throw: Dart              |       |    22 ||    22
    Use: Potion            |       |     4 ||     4
   Stab: Sleeping          |    24 |    24 ||    48
         Distracted        |       |     2 ||     2
 Armour: Robe              |    13 |    64 ||    77
  Dodge: Dodged            |    24 |    75 ||    99

Table legend: (Time is in decaauts)
 A = Elapsed time spent in this place.
 B = Non-inter-level travel time spent in this place.
 C = Inter-level travel time spent in this place.
 D = Time resting spent in this place.
 E = Time spent auto-exploring this place.
 F = Levels seen in this place.
 G = Mean time per level.
                   A        B        C        D        E       F      G
               +--------+--------+--------+--------+--------+-----+--------+
         Total |   3677 |   3618 |     59 |    211 |   2780 |   4 |  919.2 |
       Dungeon |   3677 |   3618 |     59 |    211 |   2780 |   4 |  919.2 |
               +--------+--------+--------+--------+--------+-----+--------+

Top non-repeatable levels by time:
     D:3: 1271 daAuts
     D:1: 1034 daAuts
     D:2: 718 daAuts
     D:4: 653 daAuts
